Map: Cyber Forest LE

Players

Solar - Winner!

  • Race: Zerg Zerg
  • Spawn Location: 11:00

Serral

  • Race: Zerg Zerg
  • Spawn Location: 5:00

Event: IEM Season 13: Katowice (2019)

VOD

Have the link to the VOD?

Description

Time

  • Played on: March 1, 2019, 6:02 a.m.
  • Length: 10:22

All games in this series

Show
View Real Time Build Order
Export as new Build Order

Solar Zerg - Winner!

Build Orders: Hatch First 

Get SALT Encoding   

  12  0:01  Drone  
  13  0:12  Overlord  
  13  0:16  Drone  
  14  0:31  Drone x2  
  16  0:48  Hatchery  
  15  0:51  Drone  
  15  0:55  Drone  
  17  0:58  Drone  
  18  1:12  Spawning Pool  
  18  1:14  Extractor  
  18  1:16  Drone  
  17  1:20  Drone  
  18  1:29  Drone  
  19  1:39  Drone  
  20  1:54  Overlord  
  20  1:58  Queen  
  20  1:59  Queen  
  24  2:04  Drone x2  
  26  2:11  Drone x2  
  28  2:23  Zergling x2, Drone  
  30  2:34  Hatchery  
  29  2:38  Drone  
  29  2:40  Drone  
  31  2:46  Evolution Chamber, Drone  
  31  2:48  Drone  
  32  2:57  Overlord  
  32  2:59  Drone  
  32  3:04  Drone  
  32  3:05  Drone  
  35  3:07  Drone  
  35  3:11  Zerg Missile Weapons Level 1  
  36  3:15  Drone x5  
  36  3:17  Drone  
  42  3:22  Roach Warren  
  41  3:28  Drone  
  41  3:29  Lair  
  41  3:33  Extractor  
  41  3:35  Extractor, Overlord  
  41  3:37  Drone  
  41  3:40  Drone x2  
  43  3:43  Drone  
  43  3:50  Overlord  
  43  3:56  Drone  
  43  3:59  Overlord  
  44  4:03  Roach x4  
  44  4:04  Roach  
  44  4:07  Roach  
  56  4:10  Roach  
  56  4:14  Roach  
  56  4:16  Overlord  
  60  4:18  Roach  
  60  4:21  Roach  
  64  4:25  Roach  
  64  4:27  Roach  
  64  4:30  Roach  
  70  4:32  Roach  
  70  4:35  Roach  
  70  4:38  Roach  
  76  4:40  Roach  
  76  4:44  Roach  
  78  4:46  Roach  
  68  4:55  Roach x2  
  68  5:00  Roach  
  70  5:11  Glial Reconstitution  
  68  5:15  Roach x2  
  68  5:17  Overlord  
  72  5:24  Roach x2  
  74  5:34  Roach x3  
  74  5:37  Roach  
  74  5:41  Roach  
  70  5:45  Roach  
  70  5:47  Roach  
  74  5:52  Ravager  
  74  5:55  Roach  
  77  6:02  Drone  
  80  6:04  Drone x4  
  80  6:08  Ravager  
  80  6:09  Overlord  
  83  6:11  Overseer  
  83  6:14  Drone  
  84  6:19  Overlord  
  84  6:28  Overlord  
  84  6:37  Drone, Hatchery  
  84  6:43  Roach x2  
  84  6:46  Drone x2  
  90  6:56  Roach  
  90  6:58  Roach  
  94  7:06  Roach x3  
  94  7:08  Drone  
  99  7:09  Drone  
  99  7:12  Drone  
  99  7:13  Zerg Missile Weapons Level 2, Drone  
  90  7:15  Drone  
  90  7:17  Drone  
  86  7:23  Drone  
  86  7:25  Drone x2  
  86  7:26  Drone  
  86  7:29  Roach  
  90  7:32  Overseer  
  90  7:36  Overlord  
  90  7:37  Roach  
  90  7:38  Overlord  
  90  7:41  Overlord  
  92  7:49  Ravager  
  92  7:50  Ravager  
  94  7:51  Roach x2  
  94  7:54  Queen  
  94  7:55  Overlord  
  94  7:57  Roach  
  102  8:00  Roach  
  102  8:02  Roach  
  102  8:05  Roach x2  
  110  8:12  Roach x3  
  116  8:15  Roach x2  
  116  8:17  Overlord  
  116  8:19  Roach  
  122  8:23  Roach x2  
  122  8:26  Overlord  
  126  8:27  Roach  
  126  8:31  Roach  
  130  8:34  Overlord  
  130  8:37  Roach x3  
  138  8:41  Roach  
  138  8:44  Overlord  
  138  8:46  Roach  
  138  8:48  Roach x2  
  144  8:51  Ravager  
  144  8:53  Roach x2  
  149  8:58  Roach x2  
  149  9:02  Overlord  
  153  9:05  Roach x3  
  153  9:08  Overlord  
  159  9:10  Ravager  
  159  9:14  Overlord  
  160  9:18  Overlord  
  160  9:19  Overlord  
  160  9:21  Roach x2  
  160  9:22  Roach  
  164  9:24  Roach  
  164  9:26  Roach  
  164  9:28  Roach  
  164  9:29  Roach  
  166  9:34  Roach  
  166  9:35  Roach  
  166  9:37  Roach  
  166  9:48  Roach x2  
  166  9:49  Roach x2  
  164  9:55  Roach x2  
  164  10:00  Roach  
  164  10:02  Roach, Extractor  
Show
View Real Time Build Order
Export as new Build Order

Serral Zerg 

Build Orders: Hatch First, Roach Nydus 

Get SALT Encoding   

  12  0:00  Drone  
  13  0:12  Overlord  
  13  0:16  Drone  
  14  0:30  Drone  
  14  0:31  Drone  
  16  0:48  Hatchery  
  15  0:51  Drone  
  15  0:54  Drone  
  17  1:09  Spawning Pool  
  16  1:11  Extractor  
  16  1:13  Drone  
  16  1:17  Drone  
  17  1:20  Drone  
  18  1:28  Drone  
  19  1:39  Drone  
  20  1:49  Overlord  
  20  1:56  Queen  
  20  2:00  Queen  
  24  2:02  Drone x2  
  26  2:11  Drone x2  
  28  2:22  Drone x2  
  30  2:32  Lair  
  30  2:33  Drone x2  
  32  2:37  Queen  
  34  2:44  Evolution Chamber, Overlord  
  34  2:47  Drone  
  34  2:49  Extractor  
  33  2:55  Drone  
  33  2:56  Roach Warren  
  33  2:58  Drone  
  34  3:03  Drone x2  
  34  3:05  Drone  
  37  3:10  Drone x2  
  37  3:12  Drone  
  40  3:23  Queen  
  40  3:26  Drone  
  43  3:33  Nydus Network  
  43  3:34  Overlord  
  42  3:38  Roach  
  42  3:39  Overlord  
  44  3:43  Overlord  
  44  3:50  Overlord  
  44  3:53  Roach x2  
  48  3:56  Roach  
  48  3:59  Roach  
  48  4:02  Roach  
  54  4:10  Roach x2, Nydus Canal  
  54  4:15  Roach x2  
  62  4:19  Overlord  
  62  4:21  Roach  
  64  4:29  Roach, Nydus Canal  
  66  4:31  Roach  
  66  4:35  Roach  
  70  4:40  Roach  
  70  4:45  Roach  
  74  4:50  Roach  
  70  4:55  Roach  
  66  5:01  Roach  
  66  5:03  Roach  
  66  5:08  Queen x2  
  66  5:10  Roach, Extractor  
  71  5:19  Drone x2  
  73  5:27  Hatchery  
  70  5:29  Drone x2  
  70  5:34  Zerg Missile Weapons Level 1  
  64  5:35  Drone  
  64  5:36  Drone  
  64  5:41  Drone  
  57  5:45  Roach  
  57  5:49  Roach  
  61  5:56  Queen x2  
  65  6:00  Roach x2  
  69  6:06  Overseer  
  69  6:10  Roach x2  
  73  6:16  Overlord  
  73  6:17  Roach  
  75  6:19  Overlord  
  75  6:21  Overlord  
  75  6:29  Overlord  
  75  6:36  Roach x4  
  83  6:40  Roach x2  
  83  6:43  Nydus Canal  
  83  6:45  Roach  
  89  6:49  Glial Reconstitution  
  89  6:52  Roach x2  
  93  7:04  Roach x2  
  93  7:05  Roach  
  99  7:12  Roach x5  
  81  7:24  Roach x4  
  89  7:30  Drone x2  
  91  7:38  Zerg Missile Weapons Level 2  
  91  7:48  Overlord  
  91  7:51  Drone x5  
  93  7:55  Ravager  
  93  7:57  Roach  
  93  7:58  Drone  
  100  8:00  Drone  
  101  8:07  Drone x5  
  101  8:08  Extractor, Drone  
  101  8:10  Roach  
  101  8:11  Roach  
  110  8:16  Overlord x2  
  110  8:17  Roach  
  112  8:22  Ravager  
  112  8:23  Ravager  
  114  8:29  Overlord  
  114  8:31  Overlord  
  114  8:35  Roach x4  
  122  8:42  Overlord  
  122  8:43  Roach x3  
  122  8:47  Overlord  
  128  8:48  Overlord  
  128  8:50  Roach  
  128  8:53  Overlord  
  128  8:55  Roach  
  132  8:57  Roach  
  132  9:02  Roach x3  
  140  9:03  Ravager  
  140  9:07  Overlord  
  140  9:09  Roach  
  143  9:12  Roach x2, Ravager  
  143  9:16  Roach  
  148  9:25  Roach x4  
  148  9:30  Roach x2  
  156  9:34  Overlord  
  156  9:36  Roach x3  
  162  9:44  Nydus Canal  
  156  9:46  Roach  
  156  9:47  Roach x2  
  156  9:51  Roach  
  146  10:00  Roach x4  

Tags
 
Add a new tag
Caveats
  • Supply blocks, unpowered buildings, or Contaminate may cause inaccurate times.
  • Supply counts are checked every 10 seconds.